 Dungeon Crawl Stone Soup version 0.31-a0-819-gf6de2f5ab6 (webtiles) character file.

Game seed: 10510432341820248352

514 rjrrt the Cleaver (level 7, 0/58 HPs)
             Began as a Minotaur Berserker on Sept 24, 2023.
             Was a Priest of Trog.
             Shot with an arrow by a centaur (12 damage)
             ... on level 5 of the Dungeon.
             The game lasted 00:05:57 (3855 turns).

rjrrt the Cleaver (Minotaur Berserker)              Turns: 3855, Time: 00:05:57

Health: 0/58       AC:  8    Str: 23    XL:     7   Next: 0%
Magic:  6/6        EV: 11    Int:  4    God:    Trog [***...]
Gold:   139        SH:  0    Dex: 16    Spells: 6/6 levels left

rFire   . . .        a - +4 whip (elec)
rCold   . . .        (no shield)
rNeg    . . .        l - +0 scale mail
rPois   .            (helmet restricted)
rElec   .            (no cloak)
rCorr   .            q - +0 pair of gloves
SInv    .            n - +0 pair of boots
Will    .....        m - amulet of faith Stlth
                     g - +6 ring of dexterity
HPRegen 0.29/turn    (no ring)
MPRegen 0.10/turn

%: faith
@: no status effects
A: horns 2, retaliatory headbutt
a: Renounce Religion, Berserk, Trog's Hand


You were on level 5 of the Dungeon.
You worshipped Trog.
Trog was most pleased with you.
You visited 1 branch of the dungeon, and saw 5 of its levels.

You collected 139 gold pieces.

Inventory:

Hand Weapons
 a - a +4 whip of electrocution (weapon)
 b - a +1 hand axe
 c - a +0 trident
Missiles
 d - a throwing net
 x - 6 boomerangs (quivered)
Armour
 l - a +0 scale mail (worn)
 n - a +0 pair of boots (worn)
 p - the +2 pair of boots of the Gloaming {rPois rC- Int+4}
   (You found it on level 2 of the Dungeon)

   Int+4:     It affects your intelligence (+4).
   rC-:       It makes you vulnerable to cold.
   rPois:     It protects you from poison
 q - a +0 pair of gloves (worn)
Jewellery
 g - a +6 ring of dexterity (left hand)
 m - an amulet of faith (around neck)
 v - a ring of ice
Scrolls
 h - a scroll of summoning
 i - a scroll of fear
 j - a scroll of teleportation
Potions
 e - a potion of heal wounds
 f - a potion of resistance
 o - a potion of curing {unknown}
 r - 2 potions of attraction
 s - a potion of haste
 t - a potion of mutation {unknown}
 u - a potion of degeneration {unknown}


   Skills:
 + Level 3.8 Fighting
 * Level 9.3 Axes
 + Level 2.7 Armour
 + Level 2.4 Dodging


You had 6 spell levels left.
You didn't know any spells.
Your spell library was empty.

Dungeon Overview and Level Annotations

Branches:
Dungeon (5/15)
 Temple: D:4-7

Altars:
Dithmenos

Annotations:
D:5 Eustachio


Innate Abilities, Weirdness & Mutations

You have a pair of horns on your head.
You reflexively headbutt those who attack you in melee.


Message History

k - a potion of brilliance You drop a potion of brilliance.
As you read the scroll labelled CEPNAP MEAH, it crumbles to dust.
You feel aware of your surroundings.
You sensed 2 altars.
It was a scroll of revelation.
Found a shadowy altar of Dithmenos.
A shadow imp comes into view.
A centaur comes into view.
The shadow imp shouts!
The centaur shouts!
The centaur wields a +0 shortbow of freezing.
It is covered in frost.
The centaur shoots an arrow.
The arrow closely misses you.
The centaur shoots an arrow.
The arrow hits you! The arrow freezes you.
Found a dark potion and 11 gold pieces.
The centaur shoots an arrow.
The arrow closely misses you.
You barely miss the shadow imp.
The centaur shoots an arrow.
The arrow barely misses you. The shadow imp hits you.
You closely miss the shadow imp. You headbutt the shadow imp.
The shadow imp is moderately wounded.
The centaur shoots an arrow.
The arrow hits you. The arrow freezes you.
The shadow imp hits you but does no damage.
The centaur shoots an arrow.
The arrow hits you. The arrow freezes you.
You whack the shadow imp!
You kill the shadow imp!
Trog accepts your kill.
The centaur shoots an arrow.
The arrow hits you. The arrow freezes you.
You have reached level 7!
You are too injured to fight recklessly!
A sleepcap comes into view.
The centaur shoots an arrow.
The arrow hits you. The arrow freezes you.
* * * LOW HITPOINT WARNING * * *
The centaur shoots an arrow.
The arrow barely misses you.
The centaur shoots an arrow.
The arrow hits you.
* * * LOW HITPOINT WARNING * * *
The arrow freezes you.
* * * LOW HITPOINT WARNING * * *
Eustachio the Magnificent comes into view.
He is wielding a +0 rapier.
Eustachio shouts!
The centaur shoots an arrow.
The arrow hits you!
You die...

#############...***....#***,,,,*,
#############..###*....# **,,,,*,
##♣♣♣♣#####....#.##...##**,,,,,,,
##♣..♣#####.............,,,,,,,,,
.....♣###...........@#,,,,,,,,,,,
..._.♣####..........#,,,,,,,,,,,,
.....♣###...........#,,,,,*,,,,,,
.#♣..♣.!............#...,,,,,,,,,
.#♣♣♣♣.......^..@.......,,,,,,,,,
.##...........##.......!,,,,,,,,,
..#.......##............,,,,,,,,,
..#......###....f......$,,,,,,,,,
#........#...##...c.....,,,,,,,,,
#...#.......######......,,,,,,,,,
#.#.##.###....##*,......,,,,,,,,,
####.....*#..,,***......,,,,,,,,,
##*...#...*#.,,***,,,,,,,,,,,,,,,


You could see Eustachio, a sleepcap and a centaur.

Vanquished Creatures
  A bullfrog (D:4)
  A howler monkey (D:4)
  3 hounds (D:4)
  A jelly (D:5)
  2 orc priests
  2 sleepcaps
  An orc wizard (D:3)
  5 adders
  A shadow imp (D:5)
  A white imp (D:5)
  3 worms
  A dart slug (D:4)
  9 orcs
  3 ball pythons
  5 bats
  9 endoplasms
  A giant cockroach (D:1)
  4 goblins
  6 hobgoblins
  10 jackals
  5 quokkas
  3 frilled lizards
  4 kobolds
  3 rats
84 creatures vanquished.

Notes
Turn   | Place    | Note
-------+----------+-------------------------------------------
     0 | D:1      | rjrrt the Minotaur Berserker began the quest for the Orb.
     0 | D:1      | Reached XP level 1. HP: 19/19 MP: 0/0
    74 | D:1      | Reached skill level 4 in Axes
   128 | D:1      | Reached XP level 2. HP: 20/26 MP: 1/1
   703 | D:1      | Found a faded altar of an unknown god.
   726 | D:1      | Reached skill level 5 in Axes
   829 | D:2      | Reached XP level 3. HP: 7/31 MP: 2/2
  1033 | D:2      | Reached ** piety under Trog
  1716 | D:2      | Identified the +2 pair of boots of the Gloaming {rPois rC-
                  | Int+4}
  1732 | D:2      | Reached skill level 6 in Axes
  1732 | D:2      | Reached XP level 4. HP: 34/39 MP: 3/3
  2282 | D:3      | Reached skill level 7 in Axes
  2282 | D:3      | Reached XP level 5. HP: 10/45 MP: 4/4
  2970 | D:4      | Reached skill level 8 in Axes
  3198 | D:4      | Reached XP level 6. HP: 43/51 MP: 5/5
  3372 | D:4      | Reached *** piety under Trog
  3622 | D:4      | Reached skill level 9 in Axes
  3690 | D:5      | Entered Level 5 of the Dungeon
  3840 | D:5      | Found a shadowy altar of Dithmenos.
  3853 | D:5      | Reached XP level 7. HP: 23/58 MP: 6/6
  3854 | D:5      | Noticed Eustachio
  3855 | D:5      | Shot with an arrow by a centaur

Illustrated notes

Levels and vault maps discovered:
D:1:      tarquinn_simple_flora_water_e, layout_loops_cross,
          chequers_ecumenical_altar_island, fountainhead
D:2:      layout_basic
D:3:      layout_loops_ring, minmay_liquid_box
D:4:      layout_gridville
D:5:      layout_cave_pools, zin_treasury, mainiacjoe_overflow_alcove_1,
          st_stairs_6, uniq_eustachio

Skill      XL: |  1  2  3  4  5  6 |
---------------+-------------------+-----
Axes           | 4 5 6 7 8 9 |  9.3
Fighting       | |  3.8
Armour         | |  2.7
Dodging        | |  2.4

Action                     |  1- 3 |  4- 6 |  7- 9 || total
---------------------------+-------+-------+-------++-------
  Melee: Hand axe          |    87 |   100 |       ||   187
         Headbutt          |    15 |    31 |       ||    46
         Whip              |       |    15 |       ||    15
         Punch             |       |     1 |       ||     1
 Invoke: Berserk           |       |     1 |       ||     1
    Use: Scroll            |       |    12 |       ||    12
   Stab: Sleeping          |     2 |       |       ||     2
 Armour: Animal skin       |    32 |       |       ||    32
         Scale mail        |    19 |    69 |     3 ||    91
  Dodge: Dodged            |    60 |    68 |     1 ||   129

Table legend: (Time is in decaauts)
 A = Elapsed time spent in this place.
 B = Non-inter-level travel time spent in this place.
 C = Inter-level travel time spent in this place.
 D = Time resting spent in this place.
 E = Time spent auto-exploring this place.
 F = Levels seen in this place.
 G = Mean time per level.
                   A        B        C        D        E       F      G
               +--------+--------+--------+--------+--------+-----+--------+
         Total |   3864 |   3794 |     70 |    146 |   3004 |   5 |  772.8 |
       Dungeon |   3864 |   3794 |     70 |    146 |   3004 |   5 |  772.8 |
               +--------+--------+--------+--------+--------+-----+--------+

Top non-repeatable levels by time:
     D:2: 1145 daAuts
     D:4: 909 daAuts
     D:3: 825 daAuts
     D:1: 822 daAuts
     D:5: 161 daAuts
